 Dungeon Crawl Stone Soup version 0.30-a0-187-gd9c2deaf24 (webtiles) character file.

Game seed: 13348107803143574039

126 Pooter the Insei (level 4, -1/33 HPs)
             Began as a Demonspawn Transmuter on Oct 3, 2022.
             Slain by a river rat (6 damage)
             ... in a sewer on Oct 4, 2022.
             The game lasted 00:18:49 (2142 turns).

Pooter the Insei (Demonspawn Transmuter)            Turns: 2142, Time: 00:18:50

Health: -1/33      AC:  2    Str: 10    XL:     4   Next: 83%
Magic:  13/16      EV: 19    Int: 16    God:
Gold:   84         SH:  0    Dex: 19    Spells: 2/8 levels left

rFire   + . .      SeeInvis .      - Unarmed
rCold   . . .      Faith    .    (shield currently unavailable)
rNeg    . . .      Spirit   .    (body armour currently unavailable)
rPois   x          Reflect  .    (helmet currently unavailable)
rElec   .          Harm     .    (cloak currently unavailable)
rCorr   .          Rampage  .    (gloves currently unavailable)
Will    .....                    (boots currently unavailable)
Stlth   ++........               (no amulet)
HPRegen 1.25/turn                F - ring of protection from fire
MPRegen 0.15/turn                i - ring of magical power

@: spider-form (expiring)
A: venomous fangs, tiny, powered by death 1
a: End Transformation


You were in a sewer.
You were a venomous arachnid creature.
You visited 1 branch of the dungeon, and saw 3 of its levels.
You also visited: Sewer.

You collected 84 gold pieces.

Inventory:

Hand Weapons
 a - a +0 hand axe (melded)
   (You found it on level 1 of the Dungeon)
 b - a +0 sling
   (You took it off a goblin on level 2 of the Dungeon)
 d - a +0 whip
   (You took it off a kobold on level 1 of the Dungeon)
 h - a +0 long sword
   (You found it on level 1 of the Dungeon)
Missiles
 Q - 28 stones
Armour
 e - a +0 robe (melded)
 k - a +0 helmet (melded)
   (You found it on level 2 of the Dungeon)
Jewellery
 i - a ring of magical power (right front leg)
   (You found it on level 1 of the Dungeon)
 F - a ring of protection from fire (left front leg)
   (You found it on level 2 of the Dungeon)
Wands
 x - a wand of acid (4)
   (You found it on level 1 of the Dungeon)
Scrolls
 f - a scroll of enchant weapon
 l - 2 scrolls of butterflies {unknown}
Potions
 c - a potion of resistance
 g - a potion of curing {unknown}
 j - 2 potions of might
 m - 3 potions of lignification {!q}


   Skills:
 + Level 1.9 Fighting
 + Level 1.1 Axes
 - Level 2.1 Dodging
 - Level 2.8 Unarmed Combat
 + Level 2.6 Spellcasting
 + Level 2.7 Transmutations
 * Level 1.7 Poison Magic


You had 2 spell levels left.
You knew the following spells:

 Your Spells              Type           Power      Damage    Failure   Level
a - Beastly Appendage     Tmut           20%        N/A       17%         1
b - Wereblood             Tmut           10%        N/A       24%         2
x - Spider Form           Tmut/Pois      9%         N/A       45%         3

Your spell library contained the following spells:

 Spells                   Type           Power      Damage    Failure   Level
 Slow                     Hex            8%         N/A       41%         1
 Confusing Touch          Hex            2%         N/A       73%         3
 Vampiric Draining        Necr           2%         2d6       73%         3
 Ice Form                 Ice/Tmut       6%         N/A       88%         4


Dungeon Overview and Level Annotations

Branches:
Dungeon (3/15)              Sewer (1/1)

Altars:

Shops:
D:1 [


Innate Abilities, Weirdness & Mutations

You are a venomous arachnid creature.
You have poisonous fangs.
You are tiny and dextrous.
Your spellcasting is less reliable in this form.
Your armour is entirely melded.
You are incapable of wielding weapons or throwing items.
You regenerate a little health from kills.


Message History

You howl as the wereblood boils in your veins!
The world spins around you as you enter the gateway.
You enter a sewer!
Your horns disappear.
Your talons disappear.
Your +0 helmet unmelds from your body.
Found a gate leading back out of this place.
There is an empty arch of ancient stone here.
A river rat comes into view. x2
The river rat moves out of view.
Sorry, you're not good enough to have a special ability.
The spell is quite dangerous to miscast (24% risk of failure)!
Continue anyway?
You turn into a venomous arachnid creature.
Your +0 hand axe melds into your body.
Your +0 helmet melds into your body.
Your +0 robe melds into your body.
You enter the shallow water.
Moving in this stuff is going to be slow.
You hiss as the wereblood boils in your veins!
Your primal bloodlust has ended.
The river rat bites you. The river rat closely misses you.
You hit the river rat but do no damage.
The river rat is poisoned.
The river rat completely misses you.
The river rat bites you but does no damage.
A rat comes into view.
You hit the river rat.
The river rat looks as sick as possible!
Your transformation is almost over.
The river rat barely misses you. The river rat completely misses you.
You hit the river rat but do no damage.
The river rat is poisoned.
The river rat bites you but does no damage.
The river rat closely misses you.
You barely miss the river rat. The river rat completely misses you.
The river rat bites you.
You hit the river rat. The river rat closely misses you.
The river rat misses you. The river rat bites you!
* * * LOW HITPOINT WARNING * * *
You hit the river rat.
The river rat is poisoned.
A rat comes into view.
The river rat bites you.
* * * LOW HITPOINT WARNING * * *
The river rat completely misses you. The river rat barely misses you.
You hit the river rat but do no damage.
The river rat looks as sick as possible!
You kill the river rat!
The river rat bites you!
* * * LOW HITPOINT WARNING * * *
You hit the river rat but do no damage.
The river rat looks as sick as possible!
The river rat misses you. The river rat bites you.
You die...

####
##~.~#
~~.~.~
##~~~.
#~~.#
##r~#
#sr.#
#~r##
#..#
#∩∩#
#.~#
#.r#
#~.~
##..#
#.~~


You could see 2 river rats and 2 rats.

Vanquished Creatures
  4 adders
  A river rat (Sewer)
  A worm (D:2)
  3 dart slugs
  6 ball pythons
  3 bats
  7 endoplasms
  6 giant cockroaches
  5 goblins
  5 hobgoblins
  4 jackals (D:1)
  7 kobolds
  5 quokkas
  2 frilled lizards
  3 rats (D:1)
62 creatures vanquished.

Notes
Turn   | Place    | Note
-------+----------+-------------------------------------------
     0 | D:1      | Pooter the Demonspawn Transmuter began the quest for the
                  | Orb.
     0 | D:1      | Reached XP level 1. HP: 15/15 MP: 3/3
   224 | D:1      | Gained mutation: You regenerate a little health from kills.
                  | [demonic ancestry]
   224 | D:1      | Reached XP level 2. HP: 18/21 MP: 3/5
   366 | D:1      | Found a faded altar of an unknown god.
   417 | D:1      | You fall into a shaft and drop 1 floor!
   736 | D:2      | Reached XP level 3. HP: 9/26 MP: 6/6
   882 | D:2      | Learned a level 3 spell: Spider Form
  1230 | D:1      | Found Fowk's Antique Armour Boutique.
  1314 | D:1      | Reached skill level 1 in Poison Magic
  1320 | D:1      | Reached XP level 4. HP: 28/33 MP: 4/7
  1599 | D:1      | Learned a level 2 spell: Wereblood
  2092 | D:3      | Found a glowing drain.
  2098 | D:3      | Reached skill level 1 in Axes
  2130 | Sewer    | Entered a sewer
  2142 | Sewer    | Slain by a river rat

Illustrated notes

Levels and vault maps discovered:
D:1:      minmay_arrival_wavy_path, layout_loops_ring,
          hellmonk_ecumenical_altar_lost_god, serial_shops, shop
D:2:      layout_basic, palyth_stone_intersect, kennysheep_generic_room_6
D:3:      layout_rooms, gup_sewer_entry_glass, minmay_box_of_dots
Sewer:    sewer_hellmonk_bad_rat

Skill      XL: |  1  2  3  4 |
---------------+-------------+-----
Transmutations | 2 |  2.7
Dodging        | 2 |  2.1
Poison Magic   | 1 |  1.7
Axes           | 1 |  1.1
Fighting       | |  1.9
Unarmed Combat | |  2.8
Spellcasting   | |  2.6

Action                   |  1- 3 |  4- 6 || total
-------------------------+-------+-------++-------
Melee: Unarmed           |    21 |    10 ||    31
       Kick              |    26 |     7 ||    33
       Whip              |     9 |       ||     9
       Headbutt          |    12 |     4 ||    16
       Hand axe          |    92 |    32 ||   124
 Fire: Sling             |       |     2 ||     2
Throw: Stone             |     2 |       ||     2
 Cast: Beastly Appendage |    21 |     8 ||    29
       Spider Form       |     1 |     1 ||     2
       Wereblood         |       |     1 ||     1
  Use: Scroll            |     3 |     2 ||     5
Armor: Robe              |    35 |     8 ||    43
       Skin              |     2 |     2 ||     4
Dodge: Dodged            |   100 |    44 ||   144

Table legend: (Time is in decaauts)
 A = Elapsed time spent in this place.
 B = Non-inter-level travel time spent in this place.
 C = Inter-level travel time spent in this place.
 D = Time resting spent in this place.
 E = Time spent auto-exploring this place.
 F = Levels seen in this place.
 G = Mean time per level.
                   A        B        C        D        E       F      G
               +--------+--------+--------+--------+--------+-----+--------+
         Total |   2173 |   2100 |     73 |    566 |   1024 |   4 |  543.2 |
       Dungeon |   2161 |   2088 |     73 |    566 |   1024 |   3 |  720.3 |
         Sewer |     11 |     11 |      0 |      0 |      0 |   1 |   11.0 |
               +--------+--------+--------+--------+--------+-----+--------+

Top non-repeatable levels by time:
     D:1: 1037 daAuts
     D:2: 924 daAuts
     D:3: 200 daAuts
   Sewer: 11 daAuts
